 Dungeon Crawl Stone Soup version 0.25.0-26-g0c896c7088 (webtiles) character file.

Game seed: 14396705987390852468

1165 protoss039 the Chopper (level 8, -1/72 HPs)
             Began as a Deep Dwarf Fighter on July 2, 2020.
             Slain by Menkaure (12 damage)
             ... on level 5 of the Dungeon.
             The game lasted 00:28:55 (4327 turns).

protoss039 the Chopper (Deep Dwarf Fighter)         Turns: 4327, Time: 00:28:56

Health: -1/72      AC: 12    Str: 20 (22) XL:     8   Next: 17%
Magic:  2/2        EV:  2    Int: 10 (13) God:
Gold:   298        SH:  0    Dex: -3 (14) Spells: 7/7 levels left

rFire    . . .     SeeInvis .   a - +1 mace of Muitouw {freeze, Int+4} (curse)
rCold    . . .     Gourm    .   c - +0 kite shield
rNeg     . . .     Faith    .   v - +0 plate armour
rPois    .         Spirit   .   (no helmet)
rElec    .         Reflect  .   (no cloak)
rCorr    +         Harm     .   (no gloves)
MR       +....                  (no boots)
Stlth    ..........             (no amulet)
HPRegen  0.00/turn              g - -4 ring of slaying (curse)
MPRegen  0.08/turn              A - ring of resist corrosion

@: stab, non-regenerating, slowed, lost dexterity, very slow
A: damage resistance, heal wounds, agile 1, mutation resistance 1, sense
surroundings 1, MP-powered wands, no regeneration
a: Heal Wounds


You were on level 5 of the Dungeon.
You were not hungry.

You visited 2 branches of the dungeon, and saw 6 of its levels.

You collected 298 gold pieces.

Inventory:

Hand Weapons
 a - the cursed +1 mace of Muitouw (weapon) {freeze, Int+4}
   (You found it on level 4 of the Dungeon)

   It has been specially enchanted to freeze those struck by it, causing extra
   injury to most foes and up to half again as much damage against particularly
   susceptible opponents.
   It can also slow down cold-blooded creatures.
   It affects your intelligence (+4).
   It has a curse placed upon it.
 j - a +0 war axe of venom
Armour
 c - a +0 kite shield (worn)
 v - a +0 plate armour (worn)
Jewellery
 g - a cursed -4 ring of slaying (left hand)
 u - an uncursed ring of positive energy
 x - an uncursed ring of ice
 A - a ring of resist corrosion (right hand)
Wands
 o - a wand of iceblast (9)
Scrolls
 b - a scroll of magic mapping {unknown}
 e - 3 scrolls of teleportation
 i - a scroll of enchant armour
 k - a scroll of identify
 l - a scroll of fear
 n - 2 scrolls of enchant weapon
 r - a scroll of noise {unknown}
 s - 2 scrolls of blinking {unknown}
 w - a scroll of amnesia
 y - 2 scrolls of immolation
Potions
 h - a potion of stabbing
Comestibles
 d - 4 chunks of flesh
 f - 8 rations


   Skills:
 + Level 4.3 Fighting
 + Level 6.4(6.6) Axes
 + Level 2.2(4.3) Maces & Flails
 + Level 6.0 Armour
 + Level 6.1 Shields
 + Level 0.2 Evocations


You had 7 spell levels left.
You didn't know any spells.
Your spell library contained the following spells:

 Spells                   Type           Power        Failure   Level  Hunger
 Animate Skeleton         Necr           N/A          100%        1    ##.....
 Apportation              Tloc           #.....       100%        1    ##.....
 Corona                   Hex            #......      100%        1    ##.....
 Summon Small Mammal      Summ           #...         100%        1    ##.....


Dungeon Overview and Level Annotations

Branches:
Dungeon (5/15)             Temple (1/1) D:5

Altars:
Ashenzari
Cheibriados
Elyvilon
Hepliaklqana
Kikubaaqudgha
Nemelex Xobeh
Okawaru
Qazlal
Ru
Sif Muna
Trog
Vehumet
Wu Jian
Lugonu

Annotations:
D:2 2 exclusions
D:3 1 runed translucent door, Crazy Yiuf
D:5 Menkaure


Innate Abilities, Weirdness & Mutations

You are resistant to damage.
You can heal yourself by infusing magical energy.
You passively map a small area around you.
You do not regenerate.
You are agile. (Dex +2)
You are somewhat resistant to further mutation.
You expend magic power (3 MP) to strengthen your wands.


Message History

Menkaure points at you and mumbles some strange words.
Pain shoots through your body!
* * * LOW HITPOINT WARNING * * *
The shadow imp gestures at you. Pain shoots through your body!
* * * LOW HITPOINT WARNING * * *
Menkaure calls on the powers of darkness!
Your body is wracked with pain!
* * * LOW HITPOINT WARNING * * *
Unknown command.
Unknown command.
You feel ready to backstab.
The crimson imp hits you but does no damage.
Menkaure completely misses you.
The shadow imp hits you but does no damage.
The crimson imp hits you but does no damage.
Unknown command.
Unknown command.
You fail to use your ability.
Menkaure hits you!
You die...

.##############..#
##....# * #..# *....#
#..# #.... #..# .... *
#..# # #..# , # ,, #..##
,.# * #...#########. ..#
* ###@M..#........ ..# *
##.55...........,,..# .
###....#........ .##..#
...
##....####....#####.....
.....#....##
#.<.###.......
#.......###
#...##......#* ###.....#
#.........### ##....#
##.......## #....#
#.....###


You could see Menkaure (fast), a crimson imp and a shadow imp.

Vanquished Creatures
  Sigmund (D:3)
  2 ogres (D:4)
  2 centaurs (D:5)
  A quasit (D:4)
  2 orc wizards (D:4)
  A hound (D:5)
  2 iguanas (D:4)
  3 orc priests (D:4)
  Natasha (thrice) (D:3)
  5 worker ants
  5 adders
  A howler monkey skeleton (D:4)
  3 gnolls (D:5)
  4 oozes
  An adder zombie (D:5)
  2 worms
  5 dart slugs
  4 leopard geckos
  11 orcs
  7 giant cockroaches
  12 goblins
  8 hobgoblins
  4 quokkas
  11 bats
  4 frilled lizards
  6 kobolds
  16 rats
126 creatures vanquished.

Notes
Turn   | Place    | Note
-------+----------+-------------------------------------------
     0 | D:1      | protoss039 the Deep Dwarf Fighter began the quest for the
                  | Orb.
     0 | D:1      | Reached XP level 1. HP: 20/20 MP: 1/1
   211 | D:1      | Reached XP level 2. HP: 27/27 MP: 2/2
   459 | D:1      | You fall into a shaft and drop 1 floor!
   499 | D:2      | Found an ornate altar of the Wu Jian Council.
   574 | D:2      | Reached XP level 3. HP: 20/33 MP: 3/3
  1142 | D:2      | Found a bloodstained altar of Trog.
  1158 | D:2      | Found an ancient bone altar of Kikubaaqudgha.
  1546 | D:2      | Reached XP level 4. HP: 17/42 MP: 4/4
  1945 | D:3      | Found a hazy altar of Hepliaklqana.
  1969 | D:3      | Noticed Sigmund
  2027 | D:3      | Killed Sigmund
  2027 | D:3      | Reached XP level 5. HP: 34/49 MP: 4/4
  2117 | D:3      | Reached XP level 6. HP: 38/56 MP: 5/5
  2260 | D:3      | Found a runed translucent door.
  2261 | D:3      | Noticed Crazy Yiuf
  2444 | D:3      | Noticed Natasha
  2453 | D:3      | Killed Natasha
  2488 | D:3      | Noticed Natasha
  2498 | D:3      | Killed Natasha
  2527 | D:3      | Noticed Natasha
  2541 | D:3      | Killed Natasha
  2720 | D:4      | Reached skill level 5 in Axes
  2720 | D:4      | Reached skill level 5 in Armour
  2724 | D:4      | Reached skill level 5 in Shields
  2778 | D:4      | Found a white marble altar of Elyvilon.
  2926 | D:4      | Reached XP level 7. HP: 24/62 MP: 5/5
  3023 | D:4      | Got an ichor-stained mace
  3024 | D:4      | Identified the cursed +1 mace of Muitouw {freeze, Int+4}
                  | (You found it on level 4 of the Dungeon)
  3435 | D:4      | Reached skill level 1 in Maces & Flails
  3697 | D:5      | Entered Level 5 of the Dungeon
  3854 | D:5      | Reached XP level 8. HP: 48/72 MP: 5/5
  4002 | D:5      | Lost dexterity.
  4024 | D:5      | Gained mutation: You are agile. (Dex +2) [potion of
                  | mutation]
  4024 | D:5      | Gained mutation: You expend magic power (3 MP) to
                  | strengthen your wands. [potion of mutation]
  4024 | D:5      | Gained mutation: You are somewhat resistant to further
                  | mutation. [potion of mutation]
  4119 | D:5      | Found a staircase to the Ecumenical Temple.
  4125 | Temple   | Entered the Ecumenical Temple
  4316 | D:5      | Noticed Menkaure
  4327 | D:5      | Slain by Menkaure

Illustrated notes

Levels and vault maps discovered:
D:1:      minmay_arrival_stone_box, layout_loops_corners,
          grunt_decor_one_mirror, minivault_27, minmay_heptomino_h4
D:2:      layout_basic, nicolae_overflow_hidden_temple,
          grunt_temple_overflow_open, kennysheep_boxes
D:3:      layout_rooms, lemuel_crystal_altar, uniq_crazy_yiuf_cottage,
          uniq_natasha, uniq_sigmund
D:4:      layout_loops_ring, elyvilon_altar_5, nicolae_zen_rock_garden
D:5:      layout_layer_cave, marbit_many_paths, temple_green, first_ration,
          uniq_menkaure
Temple:   corrupted_temple

Skill      XL: |  1  2  3  4  5  6  7  8 |
---------------+-------------------------+-----
Fighting       | 3 4 |  4.3
Axes           | 3 4 5 6 |  6.4
Shields        | 4 5 6 |  6.1
Armour         | 4 5 6 |  6.0
Maces & Flails | 2 |  2.2
Evocations     | |  0.2

Action                   |  1- 3 |  4- 6 |  7- 9 || total
-------------------------+-------+-------+-------++-------
Melee: War axe           |   147 |   190 |    13 ||   350
       Mace              |       |       |   281 ||   281
 Abil: Heal Wounds       |       |     5 |     9 ||    14
Evoke: Wand              |       |       |     3 ||     3
  Use: Potion            |       |     1 |     9 ||    10
       Scroll            |       |     4 |     5 ||     9
  Eat: Chunk             |     2 |     5 |     6 ||    13
Armor: Scale mail        |    36 |       |       ||    36
       Chain mail        |    30 |    83 |       ||   113
       Plate armour      |       |    22 |   474 ||   496
Dodge: Dodged            |    41 |    44 |    88 ||   173
Block: Kite shield       |    91 |    95 |   173 ||   359
